 Dungeon Crawl Stone Soup version 0.24.0-123-gd5b16e6ec5 (webtiles) character file.

Game seed: 6933685283749671888, levelgen mode: deterministic

12980 levadok the Arsonist (level 11, -2/54 HPs)
             Began as a Deep Elf Fire Elementalist on Dec 25, 2019.
             Was a High Priest of Vehumet.
             Slain by a manticore (6 damage)
             ... on level 11 of the Dungeon.
             The game lasted 01:33:52 (17932 turns).

levadok the Arsonist (Deep Elf Fire Elementalist)  Turns: 17932, Time: 01:33:52

Health: -2/54      AC:  6    Str:  8    XL:     11   Next: 69%
Magic:  27/38      EV: 13    Int: 24    God:    Vehumet [*****.]
Gold:   141        SH:  2    Dex: 15    Spells: 15/34 levels left

rFire    + . .     SeeInvis .   y - +4 quarterstaff (chaos)
rCold    + . .     Gourm    .   (shield currently unavailable)
rNeg     . . .     Faith    .   a - +0 robe
rPois    .         Spirit   .   K - +0 helmet
rElec    .         Reflect  +   A - +1 cloak {MR+}
rCorr    .         Harm     .   (no gloves)
MR       +++..                  w - +0 pair of boots
Stlth    ++++......             T - +2 amulet of reflection
HPRegen  0.18/turn              C - ring of Quuczuh {rF+ rC+ MR+ MP+9 Str+3}
MPRegen  0.26/turn              r - ring of Shadows {Umbra +Inv Stlth+}

@: wreathed by umbra
A: no striking features
a: Renounce Religion, Evoke Invisibility


You were on level 11 of the Dungeon.
You worshipped Vehumet.
Vehumet was extremely pleased with you.
You were not hungry.

You visited 2 branches of the dungeon, and saw 12 of its levels.
You also visited: Sewer.

You collected 526 gold pieces.
You spent 385 gold pieces at shops.

Inventory:

Hand Weapons
 x - a +2 spear of piercing
 y - a +4 quarterstaff of chaos (weapon)
Missiles
 b - 275 stones (quivered)
 g - 301 arrows
 p - 102 sling bullets
 z - 68 bolts
Armour
 a - a +0 robe (worn)
 w - a +0 pair of boots (worn)
 A - a +1 cloak of magic resistance (worn)
 H - the +2 ratskin cloak {+Rats rPois rN+ Str-1 Int-1 Dex+1}
   (You found it on level 5 of the Dungeon)

   It affects your strength (-1).
   It affects your intelligence (-1).
   It affects your dexterity (+1).
   It protects you from poison.
   It protects you from negative energy.
 K - a +0 helmet (worn)
Jewellery
 r - the ring of Shadows (right hand) {Umbra +Inv Stlth+}
   (You found it on level 7 of the Dungeon)

   [ring of stealth]

   It lets you turn invisible.
   It makes you more stealthy.
 t - a +3 ring of slaying
 C - the ring of Quuczuh (left hand) {rF+ rC+ MR+ MP+9 Str+3}
   (You took it off a gnoll on level 4 of the Dungeon)

   [ring of magical power]

   It affects your strength (+3).
   It protects you from fire.
   It protects you from cold.
   It affects your resistance to hostile enchantments.
   It affects your magic capacity (+9).
 P - an uncursed ring of protection from cold
 S - an uncursed ring of flight
 T - a +2 amulet of reflection (around neck)
Wands
 N - a wand of paralysis (14)
 Q - a wand of random effects (16)
Scrolls
 e - 2 scrolls of enchant weapon
 h - 4 scrolls of remove curse
 k - a scroll of enchant armour
 n - 9 scrolls of teleportation
 o - 8 scrolls of amnesia
 q - a scroll of immolation
 B - 5 scrolls of blinking
 D - 7 scrolls of fear
 E - 6 scrolls of fog
 G - 2 scrolls of magic mapping
 L - a scroll of identify
 M - a scroll of silence {unknown}
 O - a scroll of random uselessness {unknown}
 R - a scroll of noise {unknown}
Potions
 d - 4 potions of might
 f - 6 potions of curing
 i - 2 potions of ambrosia
 j - a potion of lignification
 l - 2 potions of degeneration {unknown}
 m - 3 potions of resistance {unknown}
 s - 3 potions of heal wounds
 u - 4 potions of brilliance
 v - a potion of flight {unknown}
 F - 2 potions of magic {unknown}
 I - a potion of haste {unknown}
 J - a potion of cancellation {unknown}
Comestibles
 c - 21 rations
 U - 8 chunks of flesh


   Skills:
 - Level 2.4 Dodging
 - Level 2.4 Stealth
 + Level 12.4 Spellcasting
 + Level 12.4 Conjurations
 + Level 12.7 Fire Magic


You had 15 spell levels left.
You knew the following spells:

 Your Spells              Type           Power        Failure   Level  Hunger
a - Flame Tongue          Conj/Fire      #####        0%          1    None
b - Conjure Flame         Conj/Fire      ######..     1%          3    None
c - Sticky Flame          Conj/Fire      ######..     1%          4    None
d - Fireball              Conj/Fire      ######....   1%          5    ###....
e - Searing Ray           Conj           ######       1%          2    None
f - Airstrike             Air            ##........   11%         4    None

Your spell library contained the following spells:

 Spells                   Type           Power        Failure   Level  Hunger
 Irradiate                Conj/Tmut      #####.....   2%          5    ###....
 Throw Flame              Conj/Fire      ######       1%          2    None
 Inner Flame              Hex/Fire       #####...     1%          3    None
 Confusing Touch          Hex            ##....       4%          1    None
 Confuse                  Hex            ##......     12%         3    None
 Gell's Gravitas          Tloc           ##........   12%         3    None
 Yara's Violent Unravell  Hex/Tmut       ##........   28%         5    ###....
 Petrify                  Tmut/Erth      ##......     38%         4    None
 Metabolic Englaciation   Hex/Ice        ##........   75%         5    ###....


Dungeon Overview and Level Annotations

Branches:
Dungeon (11/15)            Temple (1/1) D:5             Orc (0/2) D:9
  Sewer (visited)
   Lair: D:8-11

Altars:
Ashenzari
Cheibriados
Dithmenos
Elyvilon
Fedhas
Gozag
Hepliaklqana
Kikubaaqudgha
Makhleb
Nemelex Xobeh
Okawaru
Qazlal
Ru
Sif Muna
Trog
Uskayaw
Vehumet
Wu Jian
Xom
Yredelemnul
Zin
The Shining One

Shops:
D:7 *   D:9 (   D:10 =


Message History

Aiming: Sticky Flame (safe; 1% risk of failure)
Press: ? - help, Shift-Dir - straight line, f - manticore
Aim: a manticore (umbra)
The sticky flame hits the manticore!
The manticore is moderately wounded.
The manticore is covered in liquid flames!
The manticore burns!
The manticore completely misses you.
The manticore claws you but does no damage.
The manticore claws you!
Casting: Sticky Flame (safe; 1% risk of failure)
Confirm with . or Enter, or press ? or * to list all spells.
Aiming: Flame Tongue (safe; 0% risk of failure)
Press: ? - help, Shift-Dir - straight line, f/p - manticore
Aim: a manticore (moderately wounded, covered in liquid flames, umbra)
The flame tongue hits the manticore!
The manticore is heavily wounded.
The manticore burns!
The manticore bites you!
* * * LOW HITPOINT WARNING * * *
The manticore completely misses you. The manticore claws you.
You die...

..............>..#...........#...
...........#####.#...........#...
...........# #.#...........#...
...........# #.#...........#...
#######....# #.#.........###..#
#....# #.#.........#....# #....#
#.#.........#....# #....#
#.###########....# #....#
#@....... .....#
#....#####H.......
#######.................
...............[..######
.#######<)........# #....[.....#
#÷.).......# ....≈≈≈≈≈≈......##
≈..≈≈≈≈≈≈≈.≈..≈....


You could see a manticore (burning).

Vanquished Creatures
  A hydra (D:11)
  Erica (D:8)
  Joseph (D:9)
  A gargoyle (D:10)
  4 trolls
  Prince Ribbit (D:5)
  2 hippogriffs
  Sigmund (D:2)
  A wraith (D:11)
  A spriggan (D:7)
  8 yaks
  Grum (D:9)
  2 hungry ghosts
  A warg (D:9)
  2 ice beasts
  5 orc warriors
  4 sky beasts
  8 ogres
  3 black bears
  5 wolves
  9 centaurs
  3 phantoms
  6 bullfrogs
  4 scorpions
  15 killer bees
  10 wights
  A centaur zombie (D:8)
  2 electric eels (D:11)
  5 howler monkeys
  2 crimson imps
  A quasit (D:10)
  A gnoll shaman (D:4)
  2 jellies
  16 orc wizards
  2 centaur skeletons
  9 orc priests
  Crazy Yiuf (D:2)
  7 hounds
  A bullfrog skeleton (D:11)
  Terence (D:2)
  4 iguanas
  A hell rat (D:5)
  11 worker ants
  A killer bee zombie (D:3)
  A hound zombie (D:8)
  A hound skeleton (D:4)
  A worker ant zombie (D:5)
  11 gnolls
  15 adders
  11 river rats
  2 shadow imps
  An adder zombie (D:8)
  An adder skeleton (D:4)
  5 worms
  3 dart slugs
  13 leopard geckos
  44 orcs
  9 bats
  6 giant cockroaches
  2 gnoll zombies (D:2)
  11 goblins
  10 hobgoblins
  4 jackals (D:5)
  9 kobolds
  5 quokkas
  11 ball pythons (Sewer)
  8 frilled lizards
  A jackal zombie (D:5)
  44 rats
  A toadstool (D:1)
398 creatures vanquished.

Vanquished Creatures (others)
  3 toadstools (D:1)
3 creatures vanquished.

Grand Total: 401 creatures vanquished

Notes
Turn   | Place    | Note
-------+----------+-------------------------------------------
     0 | D:1      | levadok the Deep Elf Fire Elementalist began the quest for
                  | the Orb.
     0 | D:1      | Reached XP level 1. HP: 10/10 MP: 6/6
   449 | D:1      | Reached XP level 2. HP: 15/15 MP: 5/8
  1254 | D:1      | Reached XP level 3. HP: 17/19 MP: 2/10
  1567 | D:1      | Learned a level 3 spell: Conjure Flame
  1852 | D:2      | Reached XP level 4. HP: 19/24 MP: 4/12
  2020 | D:2      | Learned a level 4 spell: Sticky Flame
  2493 | D:2      | Noticed Terence
  2958 | D:2      | Found a shadowy altar of Dithmenos.
  3184 | D:2      | Killed Terence
  3285 | D:2      | Found a runed translucent door.
  3286 | D:2      | Noticed Crazy Yiuf
  3369 | D:2      | Found a hazy altar of Hepliaklqana.
  3541 | D:2      | Found a glowing golden altar of the Shining One.
  3626 | D:2      | Noticed Sigmund
  3646 | D:3      | Reached XP level 5. HP: 28/28 MP: 7/13
  4063 | D:3      | Learned a level 5 spell: Fireball
  4901 | D:2      | Found an ancient bone altar of Kikubaaqudgha.
  4902 | D:2      | Found a blossoming altar of Fedhas.
  5521 | D:2      | Found a basalt altar of Yredelemnul.
  5841 | D:3      | Reached skill level 5 in Spellcasting
  5841 | D:3      | Reached skill level 5 in Fire Magic
  6094 | D:3      | Reached XP level 6. HP: 32/32 MP: 9/15
  6446 | D:2      | Killed Crazy Yiuf
  6726 | D:2      | Killed Sigmund
  6726 | D:2      | Reached skill level 5 in Conjurations
  6961 | D:4      | Reached XP level 7. HP: 31/36 MP: 9/17
  7159 | D:4      | Found a glowing drain.
  7163 | Sewer    | Entered a sewer
  7943 | D:4      | Reached XP level 8. HP: 41/41 MP: 14/19
  8147 | D:4      | Identified the ring of Quuczuh {rF+ rC+ MR+ MP+9 Str+3}
  8961 | D:4      | Found a shimmering blue altar of Sif Muna.
  9048 | D:5      | Entered Level 5 of the Dungeon
  9048 | D:5      | Noticed Prince Ribbit
  9052 | D:5      | Killed Prince Ribbit
  9475 | D:5      | Found the +2 ratskin cloak {+Rats rPois rN+ Str-1 Int-1
                  | Dex+1}
  9974 | D:5      | Found a staircase to the Ecumenical Temple.
  9995 | Temple   | Entered the Ecumenical Temple
 10085 | Temple   | Became a worshipper of Vehumet
 10113 | D:5      | Found an ornate altar of the Wu Jian Council.
 10242 | D:5      | Reached XP level 9. HP: 30/45 MP: 6/22
 10417 | D:5      | Found a sacrificial altar of Ru.
 10607 | D:5      | Found a glowing silver altar of Zin.
 10780 | D:6      | Found an opulent altar of Gozag.
 11447 | D:7      | Reached * piety under Vehumet
 11447 | D:7      | Offered knowledge of Sting by Vehumet.
 11467 | D:7      | Found a hide-covered altar of Uskayaw.
 11471 | D:7      | Found the ring of Shadows {Umbra +Inv Stlth+}
 12196 | D:7      | Reached skill level 10 in Fire Magic
 12373 | D:7      | Found Lih Xymn's Assorted Antiques.
 12381 | D:7      | Bought a scroll labeled YCIECW EHAOMMACU for 29 gold pieces
 12381 | D:7      | Bought a viscous ruby potion for 26 gold pieces
 12763 | D:7      | Reached skill level 10 in Conjurations
 12900 | D:8      | Reached ** piety under Vehumet
 12900 | D:8      | Offered knowledge of Searing Ray by Vehumet.
 13016 | D:8      | Reached XP level 10. HP: 50/50 MP: 25/25
 13404 | D:8      | Noticed Erica
 13408 | D:8      | Killed Erica
 13665 | D:8      | Learned a level 2 spell: Searing Ray
 14049 | D:9      | Offered knowledge of Ignite Poison by Vehumet.
 14091 | D:9      | Noticed Grum
 14101 | D:9      | Reached skill level 10 in Spellcasting
 14108 | D:9      | Reached *** piety under Vehumet
 14122 | D:9      | Killed Grum
 14175 | D:9      | Offered knowledge of Iskenderun's Mystic Blast by Vehumet.
 14392 | D:9      | Noticed Joseph
 14409 | D:9      | Killed Joseph
 14646 | D:9      | Found a staircase to the Orcish Mines.
 14754 | D:9      | HP: 1/50 [poisoned by a killer bee]
 15093 | D:9      | Found Piloda Xijo's Antique Weapon Boutique.
 15096 | D:9      | Bought a smoking hunting sling for 175 gold pieces
 15096 | D:9      | Identified the +6 hunting sling of the Foot {freeze, rPois
                  | rF+ MR- Str+10} (You bought it in a shop on level 9 of the
                  | Dungeon)
 15212 | D:9      | Reached XP level 11. HP: 43/54 MP: 27/27
 15350 | D:9      | Found a shimmering altar of Xom.
 15541 | D:10     | Entered Level 10 of the Dungeon
 15557 | D:10     | Reached **** piety under Vehumet
 16303 | D:10     | Found a shimmering blue altar of Sif Muna.
 16404 | D:10     | Found Ylegguz's Jewellery Emporium.
 16415 | D:10     | Bought a cursed ring of teleportation for 58 gold pieces
 16415 | D:10     | Bought a +2 amulet of reflection for 97 gold pieces
 16702 | D:10     | Offered knowledge of Airstrike by Vehumet.
 16786 | D:10     | Learned a level 4 spell: Airstrike
 17035 | D:11     | Noticed a seven-headed hydra
 17344 | D:11     | Found a glowing golden altar of the Shining One.
 17437 | D:11     | Reached ***** piety under Vehumet
 17452 | D:11     | Offered knowledge of Irradiate by Vehumet.
 17702 | D:11     | Killed a seven-headed hydra
 17840 | D:11     | Got a warped leather armour
 17851 | D:11     | Identified the +0 leather armour "Suxiotuf" {Dex+3} (You
                  | found it on level 11 of the Dungeon)
 17932 | D:11     | Slain by a manticore

Levels and vault maps discovered:
D:1:      ldierk_water_garden, layout_loops_ring
D:2:      layout_basic, grunt_temple_overflow_growth_and_decay,
          lemuel_zombie_altar_yredelemnul, marbit_many_paths,
          lemuel_doored_altar, nicolae_overflow_crystal_walls, uniq_terence,
          uniq_crazy_yiuf_cottage, uniq_sigmund
D:3:      layout_loops_corners, minmay_misc_feat_tower
D:4:      layout_cave_pools, nicolae_overflow_hidden_temple, first_ration,
          gup_sewer_entry_spiral, wad_rectangle_vault
D:5:      wander_guarded_unrand_ratskin, layout_loops_ring,
          kennysheep_mini_moat, old_standard_altar, overflow_temple_1_default,
          minmay_temple_entry_proselytizer, uniq_prince_ribbit1
D:6:      layout_loops_cross, kennysheep_mini
D:7:      layout_layer_cave, old_standard_altar, serial_shops,
          nicolae_shop_stone, the_bakery, minmay_fractal_squares_gapless_5
D:8:      layout_basic, uniq_erica
D:9:      layout_basic, overflow_temple_1_default, erik_orc_4, serial_shops,
          nicolae_shop_crystal, uniq_grum, uniq_joseph
D:10:     layout_gridville, serial_shops, shop, lemuel_blue_sif_altar
D:11:     layout_irregular_city, erik_lair_island, enter_bailey_6,
          chequers_serial_rivers_micro_b, nicolae_tso_swordbearing_angel,
          uniq_harold
Temple:   dpeg_three_leaves_temple

Skill      XL: |  1  2  3  4  5  6  7  8  9 10 11 |
---------------+----------------------------------+-----
Conjurations   | 2 3 4 5 6 8 10 11 12 | 12.4
Fire Magic     | 4 5 7 8 10 11 12 | 12.7
Spellcasting   | 4 5 6 7 9 10 12 | 12.4
Dodging        | |  2.4
Stealth        | |  2.4

Action                   |  1- 3 |  4- 6 |  7- 9 | 10-12 || total
-------------------------+-------+-------+-------+-------++-------
Melee: Short sword       |     2 |     1 |       |       ||     3
       Trident           |       |     4 |       |       ||     4
       Spear             |       |     8 |       |       ||     8
       Quarterstaff      |       |       |    27 |     2 ||    29
 Cast: Flame Tongue      |    47 |   113 |   295 |   256 ||   711
       Conjure Flame     |       |     5 |     9 |    17 ||    31
       Sticky Flame      |       |     4 |    38 |    30 ||    72
       Fireball          |       |       |     9 |    44 ||    53
       Searing Ray       |       |       |       |     3 ||     3
 Abil: Evoke Ratskin     |       |       |     1 |       ||     1
Evoke: Wand              |       |       |       |     6 ||     6
  Use: Scroll            |     4 |     2 |     4 |     7 ||    17
       Potion            |       |       |       |     1 ||     1
 Stab: Sleeping          |     1 |     1 |     2 |       ||     4
  Eat: Chunk             |     3 |    13 |    21 |    20 ||    57
       Ration            |       |     1 |     1 |       ||     2
Armor: Robe              |     5 |    17 |    28 |    12 ||    62
Dodge: Dodged            |    11 |    32 |    72 |    77 ||   192
Block: Other             |       |       |       |     2 ||     2
       Reflection        |       |       |       |     2 ||     2
